 Dungeon Crawl Stone Soup version 0.29-a0-997-gf6f7e2dfe7 (webtiles) character file.

Game seed: 15422386512054625324

68 xian the Covered (level 4, 0/41 HPs)
             Began as a Minotaur Fighter on Aug 5, 2022.
             Slain by a goblin
             ... wielding a +0 club
             ... led by Robin
              (2 damage)
             ... on level 2 of the Dungeon.
             The game lasted 00:03:15 (924 turns).

xian the Covered (Minotaur Fighter)                  Turns: 924, Time: 00:03:15

Health: 0/41       AC:  7    Str: 23    XL:     4   Next: 1%
Magic:  3/3        EV:  9    Int:  5    God:
Gold:   55         SH:  4    Dex:  9    Spells: 3/3 levels left

rFire   . . .      SeeInvis .   a - +0 flail
rCold   . . .      Faith    .   c - +0 buckler
rNeg    . . .      Spirit   .   b - +0 scale mail
rPois   .          Reflect  .   (helmet restricted)
rElec   .          Harm     .   (no cloak)
rCorr   .          Rampage  .   (no gloves)
Will    .....                   (no boots)
Stlth   ..........              (no amulet)
HPRegen 0.13/turn               (no ring)
MPRegen 0.08/turn               (no ring)

@: mighty
A: horns 2, retaliatory headbutt
a: no special abilities


You were on level 2 of the Dungeon.
You visited 1 branch of the dungeon, and saw 2 of its levels.

You collected 55 gold pieces.

Inventory:

Hand Weapons
 a - a +0 flail (weapon)
Missiles
 k - 6 atropa-tipped darts
 m - 6 poisoned darts (quivered)
Armour
 b - a +0 scale mail (worn)
 c - a +0 buckler (worn)
Scrolls
 e - 2 scrolls of identify {unknown}
 i - a scroll of teleportation {unknown}
 j - 2 scrolls of vulnerability {unknown}
 l - a scroll of summoning {unknown}
Potions
 f - a potion of degeneration {unknown}
 g - 2 potions of mutation {unknown}
 h - a potion of resistance {unknown}


   Skills:
 + Level 4.3 Fighting
 + Level 2.9 Maces & Flails
 + Level 0.1 Throwing
 + Level 4.3 Armour
 + Level 1.3 Dodging
 + Level 4.1 Shields


You had 3 spell levels left.
You didn't know any spells.
Your spell library contained the following spells:

 Spells                   Type           Power      Damage    Failure   Level
 Sandblast                Erth           0%         2d4       86%         1
 Passwall                 Tmut/Erth      0%         N/A       95%         2
 Stone Arrow              Conj/Erth      0%         3d7       99%         3


Dungeon Overview and Level Annotations

Branches:
Dungeon (2/15)

Altars:

Shops:
D:1 =


Innate Abilities, Weirdness & Mutations

You have a pair of horns on your head.
You reflexively headbutt those who attack you in melee.


Message History

You furiously retaliate!
You headbutt the goblin!
You kill the goblin!
The goblin hits you but does no damage. Robin hits you but does no damage.
A goblin comes into view. It is wielding a +0 dagger.
Items here: ))))) †††.
You barely miss Robin. You block Robin's attack. You block the goblin's attack.
You closely miss Robin. Your headbutt misses Robin.
Robin hits you with a +0 trident.
* * * LOW HITPOINT WARNING * * *
The goblin closely misses you. The goblin barely misses you.
You furiously retaliate!
You headbutt the goblin!
You kill the goblin!
The goblin unwields a +0 club.
The goblin wields a +0 sling.
The goblin shoots a sling bullet.
The sling bullet closely misses you.
The sling bullet hits Robin.
The goblin barely misses you.
You closely miss Robin.
Robin is lightly wounded.
Robin throws the goblin at you! You block the goblin's attack.
You closely miss Robin.
Robin is lightly wounded.
Robin barely misses you. You furiously retaliate!
You headbutt Robin!
You kill Robin!
The goblin closely misses you.
You have reached level 4!
You feel stronger.
You miss the goblin.
The goblin no longer looks unusually strong.
You block the goblin's attack. The goblin closely misses you.
You barely miss the goblin. The goblin hits you but does no damage.
You sock the goblin!
You kill the goblin!
The goblin shoots a sling bullet.
The sling bullet closely misses you.
The goblin unwields a +0 sling.
The goblin wields a +0 club.
You block the goblin's attack.
Items here: )) ††.
You barely miss the goblin. The goblin hits you but does no damage.
You closely miss the goblin. Your headbutt misses the goblin.
The goblin hits you with a +0 club.
You die...

... #.# ####.#
.# ..#.# ''
###...# #.
#.#.#.## #..
#.....#
#...####....#
#...)))@g#..#
#.....####..##
## #.....#
#...# ..
#######
#.#.###.#
#.......#
###..###...
##.## #..#
############.#


You could see a goblin.

Vanquished Creatures
  Robin (D:2)
  3 dart slugs
  2 bats (D:1)
  4 endoplasms
  2 giant cockroaches (D:1)
  6 hobgoblins
  2 jackals (D:1)
  5 kobolds
  2 quokkas (D:1)
  6 ball pythons
  2 frilled lizards
  10 goblins (D:2)
  5 rats
50 creatures vanquished.

Notes
Turn   | Place    | Note
-------+----------+-------------------------------------------
     0 | D:1      | xian the Minotaur Fighter began the quest for the Orb.
     0 | D:1      | Reached XP level 1. HP: 19/19 MP: 0/0
   104 | D:1      | Reached XP level 2. HP: 13/27 MP: 1/1
   113 | D:1      | Found Xoonkauh's Jewellery Emporium.
   298 | D:1      | Found a faded altar of an unknown god.
   348 | D:1      | Reached XP level 3. HP: 27/33 MP: 2/2
   901 | D:2      | Reached skill level 1 in Dodging
   904 | D:2      | Noticed Robin
   916 | D:2      | HP: 1/33 [Robin/+0 trident (2)]
   918 | D:2      | Killed Robin
   919 | D:2      | Reached XP level 4. HP: 1/41 MP: 3/3
   924 | D:2      | Slain by a goblin

Illustrated notes

Levels and vault maps discovered:
D:1:      pf_arrival_petrified_forest, layout_rooms,
          hellmonk_ecumenical_altar_pennies_from_heaven, serial_shops,
          nicolae_shop_temple_entry_statues_fountains
D:2:      layout_basic, minmay_misc_feat_tiny, uniq_robin, uniq_sigmund

Skill      XL: |  1  2  3 |
---------------+----------+-----
Armour         | 4 |  4.3
Fighting       | 4 |  4.3
Shields        | 4 |  4.1
Dodging        | 1 |  1.3
Maces & Flails | |  2.9
Throwing       | |  0.1

Action                   |  1- 3 |  4- 6 || total
-------------------------+-------+-------++-------
Melee: Flail             |    97 |     5 ||   102
       Headbutt          |    10 |       ||    10
Throw: Dart              |     2 |       ||     2
  Use: Potion            |     1 |       ||     1
Armor: Scale mail        |    62 |     2 ||    64
Dodge: Dodged            |    74 |     2 ||    76
Block: Buckler           |    28 |     2 ||    30

Table legend: (Time is in decaauts)
 A = Elapsed time spent in this place.
 B = Non-inter-level travel time spent in this place.
 C = Inter-level travel time spent in this place.
 D = Time resting spent in this place.
 E = Time spent auto-exploring this place.
 F = Levels seen in this place.
 G = Mean time per level.
                   A        B        C        D        E       F      G
               +--------+--------+--------+--------+--------+-----+--------+
         Total |    956 |    937 |     19 |      0 |    528 |   2 |  478.0 |
       Dungeon |    956 |    937 |     19 |      0 |    528 |   2 |  478.0 |
               +--------+--------+--------+--------+--------+-----+--------+

Top non-repeatable levels by time:
     D:1: 718 daAuts
     D:2: 238 daAuts
